 Dungeon Crawl Stone Soup version 0.28-a0-1435-g82390b3a13 (webtiles) character file.

Game seed: 15097487952564214252

907 gimp the Carver (level 7, -17/64 HPs)
             Began as a Minotaur Gladiator on Jan 9, 2022.
             Hit by a large rock thrown by a cyclops (37 damage)
             ... on level 6 of the Dungeon.
             The game lasted 00:05:31 (5338 turns).

gimp the Carver (Minotaur Gladiator)                Turns: 5338, Time: 00:05:31

Health: -17/64     AC: 13    Str: 19    XL:     7   Next: 81%
Magic:  6/6        EV:  8    Int:  5    God:
Gold:   319        SH:  0    Dex: 13    Spells: 6/6 levels left

rFire   . . .      SeeInvis +   a - +0 long sword
rCold   + . .      Faith    .   (no shield)
rNeg    . . .      Spirit   .   p - +0 chain mail
rPois   .          Reflect  .   c - +0 hat
rElec   .          Harm     .   I - +0 cloak
rCorr   .          Rampage  .   t - +0 pair of gloves
Will    .....                   y - +2 pair of boots
Stlth   ..........              (no amulet)
HPRegen 0.20/turn               n - ring of protection from cold
MPRegen 0.10/turn               A - ring of see invisible

@: no status effects
A: horns 2, retaliatory headbutt
a: no special abilities


You were on level 6 of the Dungeon.
You visited 2 branches of the dungeon, and saw 7 of its levels.

You collected 319 gold pieces.

Inventory:

Hand Weapons
 a - a +0 long sword (weapon)
 v - a +2 dagger of electrocution
Missiles
 b - 44 poisoned darts (quivered)
 d - 3 throwing nets
Armour
 c - a +0 hat (worn)
 p - a +0 chain mail (worn)
 t - a +0 pair of gloves (worn)
 y - a +2 pair of boots (worn)
 I - a +0 cloak (worn)
Jewellery
 n - a ring of protection from cold (left hand)
 q - an amulet of magic regeneration
 r - a ring of flight
 A - a ring of see invisible (right hand)
Wands
 w - a wand of mindburst (13)
 G - a wand of iceblast (9)
 H - a wand of flame (12)
Scrolls
 e - a scroll of silence {unknown}
 g - 3 scrolls of identify {unknown}
 h - 2 scrolls of teleportation {unknown}
 j - 2 scrolls of fog {unknown}
 k - 2 scrolls of summoning {unknown}
 o - a scroll of brand weapon {unknown}
 x - 2 scrolls of magic mapping {unknown}
 B - a scroll of acquirement {unknown}
 E - a scroll of noise {unknown}
 F - a scroll of blinking {unknown}
Potions
 f - 2 potions of lignification {unknown}
 i - a potion of degeneration {unknown}
 l - a potion of haste {unknown}
 m - 5 potions of curing
 s - a potion of heal wounds {unknown}
 u - a potion of attraction {unknown}
 z - a potion of invisibility {unknown}
 C - a potion of mutation {unknown}
 D - a potion of ambrosia {unknown}
 J - 2 potions of flight {unknown}


   Skills:
 + Level 6.5 Fighting
 * Level 9.5 Long Blades
 - Level 2.0 Throwing
 - Level 3.2 Dodging


You had 6 spell levels left.
You didn't know any spells.
Your spell library was empty.

Dungeon Overview and Level Annotations

Branches:
Dungeon (6/15)             Temple (1/1) D:4

Altars:
Ashenzari
Cheibriados
Dithmenos
Elyvilon
Fedhas
Gozag
Hepliaklqana
Kikubaaqudgha
Nemelex Xobeh
Qazlal
Ru
Sif Muna
Trog
Uskayaw
Wu Jian
Xom
Yredelemnul


Innate Abilities, Weirdness & Mutations

You have a pair of horns on your head.
You reflexively headbutt those who attack you in melee.


Message History

I - a +0 cloak You start putting on your armour.
You continue putting on your +0 cloak. x4
You finish putting on your +0 cloak.
Found a stone staircase leading up.
Found a glowing hunting sling.
You now have 319 gold pieces (gained 17).
m - 5 potions of curing (gained 1)
J - 2 amethyst potions
Found a stone staircase leading up.
A cyclops comes into view.
Found a dagger.
A cyclops is nearby!
A cyclops is nearby!
The cyclops throws a large rock.
The large rock barely misses you.
Throw: 48 darts (poison)
Press: ? - help, Q - select action, (/) - cycle Shift-Dir - straight line, f - cyclops
Aim: a cyclops, quivering large rocks (86% to hit)
You throw a poisoned dart. The poisoned dart hits the cyclops.
The cyclops is poisoned.
Throw: 47 darts (poison)
Press: ? - help, Q - select action, (/) - cycle Shift-Dir - straight line, f/p - cyclops
Aim: a cyclops, quivering large rocks (poisoned, 86% to hit)
You throw a poisoned dart. The poisoned dart hits the cyclops.
Throw: 46 darts (poison)
Press: ? - help, Q - select action, (/) - cycle Shift-Dir - straight line, f/p - cyclops
Aim: a cyclops, quivering large rocks (poisoned, 86% to hit)
You throw a poisoned dart. The poisoned dart hits the cyclops.
The cyclops looks even sicker.
The cyclops throws a large rock.
The large rock hits you!!!
Ouch! That really hurt!
You take 44 damage, and have 20/64 hp.
MASSIVE DAMAGE!!
Throw: 45 darts (poison)
Press: ? - help, Q - select action, (/) - cycle Shift-Dir - straight line, f/p - cyclops
Aim: a cyclops, quivering large rocks (lightly wounded, very poisoned, 86% to hit)
You throw a poisoned dart. The poisoned dart hits the cyclops.
The cyclops looks even sicker.
The cyclops is lightly wounded.
The cyclops throws a large rock.
The large rock hits you!!!
Ouch! That really hurt!
You die...

### .. #### .)## ...
...## ### .(.## ... ...
##.# (<..# .... ... #..##
##...# ....##.#
#...###C..# .......#
####.........#
.......###.##...@.....#
................##....#
<..............##.....#
....#.#.................#
#.#.#...................#
# #...........#........##
#.............#.......#
##)#..........#####....#
#..##............#....#


You could see a cyclops (very poisoned).

Vanquished Creatures
  An ice beast (D:4)
  A sky beast (D:5)
  An ogre (D:5)
  A phantom (D:4)
  A wyvern skeleton (D:5)
  A water moccasin skeleton (D:6)
  A bullfrog zombie (D:5)
  3 jellies (D:4)
  An orc priest (D:4)
  2 iguanas
  3 orc wizards (D:4)
  2 gnolls (D:2)
  5 adders
  A shadow imp (D:3)
  A worm (D:5)
  3 dart slugs
  12 orcs
  4 ball pythons
  4 endoplasms
  2 giant cockroaches
  6 goblins
  12 hobgoblins
  7 jackals (D:2)
  6 kobolds
  10 quokkas
  A bat (D:1)
  2 frilled lizards
  3 rats (D:2)
97 creatures vanquished.

Vanquished Creatures (others)
  An orc (D:5)
  19 plants (D:2)
20 creatures vanquished.

Grand Total: 117 creatures vanquished

Notes
Turn   | Place    | Note
-------+----------+-------------------------------------------
     0 | D:1      | gimp the Minotaur Gladiator began the quest for the Orb.
     0 | D:1      | Reached XP level 1. HP: 18/18 MP: 0/0
   203 | D:1      | Reached skill level 4 in Long Blades
   277 | D:1      | Found a faded altar of an unknown god.
   338 | D:1      | Reached XP level 2. HP: 25/25 MP: 1/1
   917 | D:2      | Reached XP level 3. HP: 30/31 MP: 2/2
  1032 | D:2      | Reached skill level 5 in Long Blades
  1210 | D:2      | Found a snail-covered altar of Cheibriados.
  1419 | D:2      | Reached XP level 4. HP: 24/38 MP: 3/3
  2271 | D:3      | Found a white marble altar of Elyvilon.
  2436 | D:3      | Found a basalt altar of Yredelemnul.
  2877 | D:4      | Found a staircase to the Ecumenical Temple.
  2889 | D:4      | Reached skill level 6 in Long Blades
  2927 | Temple   | Entered the Ecumenical Temple
  3011 | D:4      | Reached XP level 5. HP: 46/46 MP: 4/4
  3284 | D:4      | Noticed an ice beast
  3303 | D:4      | Reached skill level 7 in Long Blades
  3303 | D:4      | Reached XP level 6. HP: 18/53 MP: 5/5
  3333 | D:4      | Killed an ice beast
  3334 | D:4      | Reached skill level 5 in Fighting
  3510 | D:4      | Found a hazy altar of Hepliaklqana.
  3536 | D:4      | Reached skill level 8 in Long Blades
  3665 | D:4      | Reached XP level 7. HP: 37/61 MP: 6/6
  4330 | D:5      | Entered Level 5 of the Dungeon
  4478 | D:5      | Reached skill level 9 in Long Blades
  5330 | D:6      | Noticed a cyclops
  5338 | D:6      | Hit by a large rock thrown by a cyclops

Illustrated notes

Levels and vault maps discovered:
D:1:      dpeg_arrival_rooms_a, layout_rooms, basic_ecumenical_altar
D:2:      wad_woods_tower, layout_basic, basic_altar
D:3:      layout_basic, kennysheep_ying_yang
D:4:      minmay_general_purpose_star, layout_loops_ring,
          mainiacjoe_overflow_six_doors_small,
          minmay_temple_entry_statues_fountains
D:5:      lemuel_ice_spiral_2, layout_basic
D:6:      layout_cave_pools, nicolae_vehumet_altar_sigil, minmay_misc_feat_five,
          grunt_decor_clamped, kennysheep_flooded_box,
          chequers_serial_rivers_micro_d
Temple:   nicolae_temple_great_sept

Skill      XL: |  1  2  3  4  5  6  7 |
---------------+----------------------+-----
Long Blades    | 4 5 6 7 8 9 |  9.5
Fighting       | 3 4 5 6 |  6.5
Throwing       | |  2.0
Dodging        | |  3.2

Action                   |  1- 3 |  4- 6 |  7- 9 || total
-------------------------+-------+-------+-------++-------
Melee: Long sword        |   109 |   140 |    52 ||   301
       Headbutt          |    11 |    15 |     9 ||    35
       Punch             |     2 |       |     1 ||     3
Throw: Dart              |       |       |     4 ||     4
  Use: Potion            |       |     1 |       ||     1
Armor: Scale mail        |    62 |     2 |       ||    64
       Leather armour    |     1 |       |       ||     1
       Chain mail        |       |    68 |    26 ||    94
Dodge: Dodged            |    52 |    36 |    20 ||   108

Table legend: (Time is in decaauts)
 A = Elapsed time spent in this place.
 B = Non-inter-level travel time spent in this place.
 C = Inter-level travel time spent in this place.
 D = Time resting spent in this place.
 E = Time spent auto-exploring this place.
 F = Levels seen in this place.
 G = Mean time per level.
                   A        B        C        D        E       F      G
               +--------+--------+--------+--------+--------+-----+--------+
         Total |   5362 |   5139 |    223 |      0 |   4262 |   7 |  766.0 |
       Dungeon |   5281 |   5069 |    212 |      0 |   4204 |   6 |  880.2 |
        Temple |     80 |     69 |     11 |      0 |     58 |   1 |   80.0 |
               +--------+--------+--------+--------+--------+-----+--------+

Top non-repeatable levels by time:
     D:4: 1386 daAuts
     D:2: 1346 daAuts
     D:5: 942 daAuts
     D:1: 823 daAuts
     D:3: 720 daAuts
  Temple: 80 daAuts
     D:6: 62 daAuts
